[Event "*** Titled Tuesday Blitz"]
[Site "Chess.com"]
[Date "2020.05.12"]
[Round "3"]
[White "Aikiigm"]
[Black "hongnhung1234"]
[Result "1/2-1/2"]
[WhiteElo "2500"]
[BlackElo "2248"]
[TimeControl "180+1"]
[EndTime "10:28:19 PDT"]
[Termination "Game drawn - insufficient material"]

1. e3 f5 2. b3 Nf6 3. Bb2 g6 4. Nf3 Bg7 5. h3 O-O 6. Rg1 d6 7. g4 fxg4 8. hxg4 e5 9. g5 Ne4 10. Nc3 Bf5 11. Bc4+ Kh8 12. Qe2 Nxc3 13. Bxc3 Bxc2 14.
d3 d5 15. Bb5 c6 16. Nxe5 cxb5 17. Qxc2 Qc7 18. Qb2 Nc6 19. Nxc6 bxc6 20. Bxg7+ Qxg7 21. Qxg7+ Kxg7 22. Rc1 Rac8 23. d4 Rf5 24. Ke2 Rc7 25. Rc2 h6 26. gxh6+ Kxh6 27. Rgc1 Rf6 28. Rc5 Rcf7 29.
Rh1+ Kg7 30. Rh2 g5 31. Rg2 Kh6 32. Rc1 Rf3 33. Rh1+ Kg6 34. Rhg1 R7f5 35. Rc1 Rf6 36. Rcg1 R3f5 37. Rh1 a5 38. Rhg1 Kh6 39. Rh1+ Kg6 40. f4 Rf8 41. Rhg1 Kf6 42. Rxg5 Rxg5 43. Rxg5 Rh8 44. Rg2 Kf5 45. Kd3 Rh3 46. Rc2 Rh6 47. a4 b4 48. Rc5 Kg4 49. Rxa5 Kf3 50. Rc5 Re6 51. a5 Rxe3+ 52. Kd2 Rxb3 53. Rxc6 Ra3 54. a6 Kxf4 55. Kc2 Ke4 56. Rb6 b3+ 57. Kb2 Ra5 58.
Kxb3 Kxd4 59. Rb4+ Kc5 60. Ra4 Rxa4 61. Kxa4 Kb6 62.
a7 Kxa7 63. Kb5 Kb7 64. Kc5 d4 65. Kxd4 1/2-1/2

[Event "*** Titled Tuesday Blitz"]
[Site "Chess.com"]
[Date "2020.05.12"]
[Round "3"]
[White "DanielTitichoca"]
[Black "zmarian"]
[Result "1-0"]
[WhiteElo "2350"]
[BlackElo "2141"]
[TimeControl "180+1"]
[EndTime "10:28:19 PDT"]
[Termination "DanielTitichoca won by resignation"]

1. e4 g6 2. d4 Bg7 3. Nf3 c5 4. Nc3 cxd4 5. Nxd4 Nc6 6. Be3 d6 7. f3 Nf6 8. Qd2 O-O 9. Bc4 Bd7 10. g4 Ne5 11. Be2 Rc8 12. h4 h5 13. gxh5 Nxh5 14. Rg1 Nc4 15. Bxc4 Rxc4 16. O-O-O Qa5 17. Nb3 Bxc3 18. Nxa5 Bxd2+ 19. Rxd2 Rc7 20. Bxa7 Bc6 21. Be3 Ra8 22. Nxc6 bxc6 23. a3 c5 24. Rd5 Kh7 25. e5 Rc6 26. exd6 exd6 27. Rgd1 Re8 28. Bg5 Re6 29. c4 Ng7 30. Bf4 Nf5 31. h5 Nd4 32.
hxg6+ fxg6 33. Rh1+ Kg8 34. Bd2 Rc7 35. Bc3 Ne2+ 36. Kd2 Nxc3 37. Kxc3 Rf7 38. Rd3 Ref6 39. a4 Rxf3 40. Rxf3 Rxf3+ 41. Kc2 Kg7 42. Rd1 Rf2+ 43.
Kb3 Rf3+ 44. Kc2 Rf2+ 45. Rd2 Rxd2+ 46. Kxd2 Kf7 47. a5 Ke7 48. a6 Kd7 49. a7 Kc7 50.
a8=Q 1-0

[Event "*** Titled Tuesday Blitz"]
[Site "Chess.com"]
[Date "2020.05.12"]
[Round "3"]
[White "Spartakus1975"]
[Black "Glidzhian_Gor"]
[Result "1-0"]
[WhiteElo "2715"]
[BlackElo "2475"]
[TimeControl "180+1"]
[EndTime "10:28:20 PDT"]
[Termination "Spartakus1975 won on time"]

1. e4 c5 2. c3 g6 3. Nf3 d6 4. d4 cxd4 5. cxd4 Nf6 6. Nc3 Bg7 7. h3 O-O 8. Bd3 Nc6 9. O-O a6 10. Bg5 h6 11. Be3 Kh7 12. Rc1 Bd7 13. Qe2 Rc8 14. Rfd1 Qa5 15. a3 Qh5 16. d5 Na5 17. Rc2 Nb3 18. Bc4 Nc5 19. Bd4 b5 20. Ba2 Bxh3 21. gxh3 Qxh3 22. Nh2 Qh4 23. Bb1 Ncxe4 24. Nxe4 Rxc2 25.
Bxc2 Nh5 26. Bxg7 Nxg7 27. Qe3 Nf5 28. Qf3 Rc8 29. Bd3 Kg8 30. Ng3 Nd4 31. Qe3 1-0

[Event "*** Titled Tuesday Blitz"]
[Site "Chess.com"]
[Date "2020.05.12"]
[Round "3"]
[White "LastHeroJr"]
[Black "kasparicy"]
[Result "0-1"]
[WhiteElo "2500"]
[BlackElo "2307"]
[TimeControl "180+1"]
[EndTime "10:28:20 PDT"]
[Termination "kasparicy won on time"]

1. e4 c5 2. Nf3 d6 3. d4 cxd4 4. Nxd4 Nf6 5. Nc3 a6 6. Bg5 Nbd7 7. f4 e6 8. Qf3 Qc7 9. O-O-O Be7 10. g4 h6 11. Bxf6 Bxf6 12. h4 b5 13. Ndxb5 axb5 14. Nxb5 Qa5 15. Nxd6+ Kf8 16. e5 Qxa2 17. exf6 Nxf6 18.
Nxc8 Rxc8 19. Qa3+ Qxa3 20. bxa3 Nxg4 21. Rd7 g6 22.
Bd3 Kg7 23. h5 Rhd8 24. Rxd8 Rxd8 25. hxg6 fxg6 26. Rg1 h5 27. a4 Ra8 28. Bb5 Kf6 29.
c4 Kf5 30. c5 h4 31. c6 h3 32.
Rg3 h2 33. Rh3 Kxf4 34. Kb2 Rc8 35. Kb3 Ne5 36. Rxh2 Nxc6 37. Rh4+ Kg5 38. Re4 Kf5 39. Bd3 g5 40. Rc4+ Kf6 41. Ka3 Na7 42. Rd4 g4 43.
Bf1 g3 0-1

[Event "*** Titled Tuesday Blitz"]
[Site "Chess.com"]
[Date "2020.05.12"]
[Round "3"]
[White "DonPreuss"]
[Black "sjevtic"]
[Result "1-0"]
[WhiteElo "2170"]
[BlackElo "2352"]
[TimeControl "180+1"]
[EndTime "10:28:20 PDT"]
[Termination "DonPreuss won by resignation"]

1. d4 d5 2. e4 dxe4 3. Nc3 Nf6 4. f3 Bf5 5. fxe4 Nxe4 6. Qf3 Nd6 7. Bf4 Bc8 8. Bxd6 cxd6 9. Bc4 e6 10. Nge2 Be7 11.
O-O O-O 12. Qh5 Nd7 13. Bd3 f5 14. Nf4 Nf6 15. Qe2 Qd7 16. Rae1 Bd8 17. Nxe6 Re8 18. Bxf5 Qf7 19. Bh3 Bb6 20. Qc4 Bxd4+ 21. Qxd4 Bxe6 22. Bxe6 Rxe6 23. Ne4 h6 24. Nxf6+ Rxf6 25. Rxf6 Qxf6 26. Qxf6 gxf6 27. Re7 Rc8 28. c3 Rc6 29. Rxb7 Rb6 30. Rxb6 axb6 31. a4 Kf7 32. Kf2 Ke6 33. Ke3 Kd5 34.
b3 Kc5 35. h4 d5 36. h5 f5 37.
Kf4 d4 38. cxd4+ Kxd4 39. b4 1-0

[Event "*** Titled Tuesday Blitz"]
[Site "Chess.com"]
[Date "2020.05.12"]
[Round "3"]
[White "Fusikk"]
[Black "martabartel"]
[Result "0-1"]
[WhiteElo "2500"]
[BlackElo "2296"]
[TimeControl "180+1"]
[EndTime "10:28:21 PDT"]
[Termination "martabartel won by resignation"]

1. d4 f5 2. c4 g6 3. h4 Nf6 4.
Nc3 Bg7 5. h5 Nxh5 6. e4 d6 7.
Rxh5 gxh5 8. Qxh5+ Kf8 9. Bh6 e6 10. exf5 Qf6 11. Bxg7+ Kxg7 12. O-O-O Qxf5 13. Qh4 Qf6 14. Qg3+ Qg6 15. Qe3 Bd7 16. Nh3 Nc6 17. Nf4 Qh6 18.
d5 Ne5 19. dxe6 Bxe6 20. Nxe6+ Qxe6 21. f4 Qh6 22. Re1 Nf7 23. Nd5 Rhe8 24. Qc3+ Kf8 25. g3 Rxe1+ 26. Qxe1 Re8 27. Qf2 Qh1 28. Kc2 Qe4+ 29.
Bd3 Qe1 30. Qh2 h6 31. Nxc7 Re3 32. Nd5 Rf3 33. Qh5 Rf2+ 34. Kb3 Qd1+ 35. Kb4 Qxh5 0-1

[Event "*** Titled Tuesday Blitz"]
[Site "Chess.com"]
[Date "2020.05.12"]
[Round "3"]
[White "checkmatequen"]
[Black "cukus"]
[Result "0-1"]
[WhiteElo "2241"]
[BlackElo "2509"]
[TimeControl "180+1"]
[EndTime "10:28:22 PDT"]
[Termination "cukus won by checkmate"]

1. e4 c6 2. d4 d5 3. Nc3 dxe4 4. Nxe4 Nf6 5. Nxf6+ exf6 6. c3 Bd6 7. Bd3 O-O 8. Ne2 Re8 9. O-O Nd7 10. Bf4 Nf8 11. Bxd6 Qxd6 12. Ng3 Ng6 13. Qf3 Bd7 14. Rfe1 a5 15. Ne4 Qc7 16. g3 b6 17. h4 Be6 18.
h5 f5 19. hxg6 fxe4 20. gxh7+ Kh8 21. Bxe4 Rac8 22. Kg2 Qd7 23. Rh1 Bg4 24. Qd3 Rxe4 25. Qxe4 Re8 26. Qf4 Qd5+ 27. Kg1 Bd7 28. Kh2 c5 29.
Rhe1 Rxe1 30. Rxe1 Bc6 31. f3 cxd4 32. cxd4 Qxa2 33. Qb8+ Kxh7 34. Qe5 Qxb2+ 35. Kh3 Qf2 36. Qh5+ Kg8 37. Re7 Qf1+ 38. Kh2 Qf2+ 39. Kh3 g6 40.
Qe5 Qxf3 41. Qb8+ Kh7 42. Qf4 Qh1+ 43. Kg4 Qh5# 0-1

[Event "*** Titled Tuesday Blitz"]
[Site "Chess.com"]
[Date "2020.05.12"]
[Round "3"]
[White "ajdemipopushi"]
[Black "pedroholly22"]
[Result "0-1"]
[WhiteElo "2205"]
[BlackElo "2454"]
[TimeControl "180+1"]
[EndTime "10:28:22 PDT"]
[Termination "pedroholly22 won on time"]

1. Nf3 c5 2. g3 g6 3. Bg2 Bg7 4. c4 Nf6 5. O-O O-O 6. Nc3 d5 7. cxd5 Nxd5 8. Nxd5 Qxd5 9. d3 Nc6 10. a3 Qd6 11. Rb1 Be6 12. Be3 b6 13. Qd2 Rad8 14.
b4 cxb4 15. axb4 Nd4 16. Bxd4 Bxd4 17. Rfc1 Bg7 18. b5 Rc8 19. Ng5 Bd7 20. Ne4 Qa3 21.
Qg5 Rxc1+ 22. Rxc1 f6 23. Qd5+ e6 24. Qc4 Rc8 25.
Qxc8+ Bxc8 26. Rxc8+ Kf7 27. Rc7+ Kf8 28. Bf3 h5 29. Rc6 Qa2 30. Nd6 Ke7 31. Nc4 Kd7 32.
Rd6+ Ke7 33. Bc6 f5 34. Rd7+ Kf6 35. Nd6 Bh6 36. Ne8+ Kg5 37. Bf3 h4 38. gxh4+ Kxh4 39. Rh7 Kg5 0-1

[Event "*** Titled Tuesday Blitz"]
[Site "Chess.com"]
[Date "2020.05.12"]
[Round "3"]
[White "Chess2019Player"]
[Black "kleopl"]
[Result "0-1"]
[WhiteElo "2173"]
[BlackElo "2406"]
[TimeControl "180+1"]
[EndTime "10:28:22 PDT"]
[Termination "kleopl won on time"]

1. c4 Nf6 2. Nc3 g6 3. g3 c6 4. Bg2 d5 5. cxd5 cxd5 6. d4 Nc6 7. Nf3 Ne4 8. O-O Bg7 9. Nxe4 dxe4 10. Ne5 Nxd4 11.
Nc4 f5 12. Be3 O-O 13. Rc1 Be6 14. Bxd4 Qxd4 15. Qxd4 Bxd4 16. Rfd1 Rfd8 17. e3 Bf6 18. Bf1 b6 19. b3 Kg7 20. Be2 Rac8 21. Rxd8 Rxd8 22. Rd1 Rxd1+ 23. Bxd1 Bd7 24. Kf1 g5 25. Bc2 Kf7 26. Ke2 Ke6 27. Nd2 Bb5+ 28. Kd1 Bc3 29. Nc4 Kd5 30. Na3 Bd3 31. Bxd3 exd3 32. Nb1 Bb4 33. a3 Bd6 34. f3 e5 35. Kd2 e4 36. f4 gxf4 37. gxf4 a5 38. Nc3+ Kc6 39. Nb1 Be7 40. a4 Bb4+ 41. Kd1 Kd5 42. h3 h5 43.
h4 Kc6 0-1

[Event "*** Titled Tuesday Blitz"]
[Site "Chess.com"]
[Date "2020.05.12"]
[Round "3"]
[White "krasavetc"]
[Black "Kaliopa"]
[Result "0-1"]
[WhiteElo "2311"]
[BlackElo "2092"]
[TimeControl "180+1"]
[EndTime "10:28:22 PDT"]
[Termination "Kaliopa won by resignation"]

1. e4 c5 2. b3 Nc6 3. Bb2 d6 4. Nf3 e5 5. Bb5 Bd7 6. c3 g6 7. d4 cxd4 8. cxd4 Bg7 9. dxe5 dxe5 10. O-O Nge7 11. Qd6 O-O 12. Rd1 Be6 13. Na3 a6 14. Bc4 Bxc4 15. Nxc4 Qxd6 16. Rxd6 f6 17. Nb6 Rad8 18.
Rad1 Kf7 19. Ba3 Rxd6 20. Rxd6 Rd8 21. Nc4 Bf8 22. Rxd8 Nxd8 23. Nd6+ Ke6 24. Nxb7 Nxb7 25. Nd2 Kf7 26. Nc4 Nc6 27. Bb2 Bc5 28. Kf1 Ke6 29. f3 Bd4 30. Ba3 Bc5 31. Bb2 Nb4 32. a3 Nd3 33. Bc3 Nd6 34. Nxd6 Bxd6 35. b4 Bc7 36. g3 Nc1 37. Bb2 Nb3 38. Ke2 Bb6 39. Kd3 Bd4 40. Bxd4 Nxd4 41. f4 Kd6 42. a4 Nf3 43. h3 Ng1 44. h4 exf4 45. gxf4 Nf3 46. b5 axb5 47. a5 Kc6 48. Ke3 Nxh4 49. e5 fxe5 50.
fxe5 Nf5+ 51. Ke4 b4 52. e6 b3 53. Kd3 h5 54. a6 Kb6 55. Kc3 h4 56. Kxb3 h3 57. a7 Kxa7 58. e7 Nxe7 0-1

[Event "*** Titled Tuesday Blitz"]
[Site "Chess.com"]
[Date "2020.05.12"]
[Round "3"]
[White "Robert_Chessmood"]
[Black "abykhovsky"]
[Result "0-1"]
[WhiteElo "2950"]
[BlackElo "2682"]
[TimeControl "180+1"]
[EndTime "10:28:24 PDT"]
[Termination "abykhovsky won on time"]

1. e4 c5 2. Nf3 d6 3. d4 cxd4 4. Nxd4 Nf6 5. Nc3 Nc6 6. Bg5 e6 7. Qd2 a6 8. Nxc6 bxc6 9. O-O-O Be7 10. Bxf6 gxf6 11. Bc4 Qb6 12. Bb3 a5 13. f4 O-O 14.
g4 Kh8 15. h4 d5 16. g5 Ba6 17.
f5 Rad8 18. e5 fxe5 19. f6 Bb4 20. h5 Qd4 21. Qg2 Qf4+ 22. Kb1 Bxc3 23. bxc3 a4 24. g6 Qxf6 25. Bxa4 e4 26. Qd2 c5 27. Rdg1 Rg8 28. Qh6 Rg7 29. Qe3 Rb8+ 30. Kc1 d4 31. cxd4 cxd4 32.
Qxe4 d3 33. Bb3 dxc2 34. gxf7 Qa1+ 35. Kxc2 Rc8+ 36. Kd2 Qc3+ 37. Kd1 Rd8+ 0-1

[Event "*** Titled Tuesday Blitz"]
[Site "Chess.com"]
[Date "2020.05.12"]
[Round "3"]
[White "Slovak_fighter2000"]
[Black "ChronicUnhappiness"]
[Result "1-0"]
[WhiteElo "2544"]
[BlackElo "2341"]
[TimeControl "180+1"]
[EndTime "10:28:24 PDT"]
[Termination "Slovak_fighter2000 won on time"]

1. d4 Nf6 2. Bf4 d6 3. Nf3 Nbd7 4. e3 Nh5 5. Bg5 h6 6. Bh4 g5 7. Nfd2 gxh4 8. Qxh5 c6 9. Qxh4 d5 10. Nc3 Qb6 11.
O-O-O Bg7 12. Qg3 O-O 13. Bd3 e5 14. dxe5 Nxe5 15. Nf3 Nxd3+ 16. cxd3 Kh8 17. Qf4 Be6 18. d4 c5 19. Kb1 Rac8 20. Rc1 a5 21. Na4 Qb4 22.
Nxc5 b6 23. Nxe6 fxe6 24. Qg4 a4 25. a3 Rxc1+ 26. Rxc1 Qb3 27. Qxe6 b5 28. Qc6 b4 29. Qc2 bxa3 30. Qxb3 axb3 31. bxa3 Ra8 32. Kb2 Bf8 33.
Kxb3 Rxa3+ 34. Kb2 Ra7 35. Rc8 Kg7 36. Ne5 Bd6 37.
Rd8 Be7 38. Rxd5 Kf6 39. Nc6 Rb7+ 40. Ka2 Bf8 41. Ne5 Bb4 42. Rd7 1-0

[Event "*** Titled Tuesday Blitz"]
[Site "Chess.com"]
[Date "2020.05.12"]
[Round "3"]
[White "Playgood28"]
[Black "Dixit_Nikhil"]
[Result "1/2-1/2"]
[WhiteElo "2244"]
[BlackElo "2497"]
[TimeControl "180+1"]
[EndTime "10:28:24 PDT"]
[Termination "Game drawn by repetition"]

1. d4 Nf6 2. c4 g6 3. Nc3 Bg7 4. Nf3 O-O 5. Bf4 d6 6. h3 c5 7. e3 Nc6 8. Be2 cxd4 9. exd4 d5 10. c5 Ne4 11. O-O Be6 12. Rc1 Rc8 13. a3 b6 14.
b4 bxc5 15. bxc5 Qa5 16. Qd3 Bf5 17. g4 Nxc3 18. gxf5 Nxe2+ 19. Qxe2 gxf5 20. Qd3 e6 21. Bd6 Rfe8 22. Rb1 Kh8 23. Rb7 Nd8 24. Re7 Rxe7 25. Bxe7 Nc6 26. Bd6 Qd8 27. Kh1 Qf6 28. Rd1 Rg8 29.
Qa6 Qh6 30. Qxc6 Qxh3+ 31. Nh2 Bxd4 32. Rg1 Rxg1+ 33. Kxg1 Kg7 34. Qc7 Qc3 35. Bg3 Qe1+ 36. Kg2 Qe4+ 37. Kg1 Qe1+ 38. Kg2 Qc3 39. Qf4 Qxc5 40.
Qg5+ Kf8 41. Qd8+ Kg7 42. Qg5+ Kh8 43. Qd8+ Kg7 44. Qg5+ 1/2-1/2

[Event "*** Titled Tuesday Blitz"]
[Site "Chess.com"]
[Date "2020.05.12"]
[Round "3"]
[White "miruna_daria28"]
[Black "Munkhzul_Davaakhuu"]
[Result "0-1"]
[WhiteElo "2258"]
[BlackElo "1906"]
[TimeControl "180+1"]
[EndTime "10:28:24 PDT"]
[Termination "Munkhzul_Davaakhuu won on time"]

1. e4 e5 2. Nf3 Nc6 3. Bb5 a6 4. Ba4 Nf6 5. d3 d6 6. O-O b5 7. Bb3 g6 8. Nc3 Bg7 9. a4 Rb8 10. a5 O-O 11. h3 Be6 12. Nd5 Bxd5 13. exd5 Nb4 14. c4 c6 15. dxc6 Nxc6 16. cxb5 Nxa5 17.
Bc2 axb5 18. d4 e4 19. Nd2 d5 20. Nb3 Nc4 21. Nc5 Nd7 22. b3 Nxc5 23. bxc4 bxc4 24. Ba3 Ne6 25. Bxf8 Qxf8 26. Ra5 Qd6 27. Ba4 Bxd4 28. Qd2 c3 29. Qc2 Bf6 30. Bb5 Nd4 31. Qb1 c2 32. Qa2 Nxb5 33. Qxc2 Nd4 34. Qd2 Rd8 35. Ra7 Nb3 36.
Qc2 Nc5 37. Rc1 Nd3 38. Rb1 Bd4 39. Kh1 Bxa7 0-1

[Event "*** Titled Tuesday Blitz"]
[Site "Chess.com"]
[Date "2020.05.12"]
[Round "3"]
[White "Khamrakulov_Djurabek"]
[Black "vanea_03"]
[Result "1/2-1/2"]
[WhiteElo "2817"]
[BlackElo "2625"]
[TimeControl "180+1"]
[EndTime "10:28:25 PDT"]
[Termination "Game drawn by repetition"]

1. e4 e5 2. Nf3 Nc6 3. d4 exd4 4. Nxd4 Nf6 5. Nc3 Bb4 6. Nxc6 bxc6 7. Bd3 O-O 8. O-O d5 9. exd5 Bg4 10. f3 Bh5 11.
dxc6 Qd4+ 12. Kh1 Bxc3 13. bxc3 Qxc3 14. Rb1 Qxc6 15. Rb3 Bg6 16. Bb2 Rad8 17. Qa1 Rd5 18. Bxf6 Qxf6 19. Qxf6 gxf6 20. Kg1 Ra5 21. Ra1 Rd8 22.
Kf2 Rd4 23. Ke3 Rh4 24. h3 Rha4 25. a3 Kg7 26. g4 Rc5 27. f4 Bxd3 28. cxd3 Rc2 29.
Rf1 c5 30. f5 c4 31. dxc4 Rcxc4 32. Rd1 Rc2 33. Kf3 Ra2 34. Rdd3 h5 35. Kg3 Kh6 36.
Kh4 hxg4 37. hxg4 Rh2+ 38. Rh3 Rxh3+ 39. Rxh3 Kg7 40. Rb3 Kh6 41. Rc3 Ra5 42. Rc7 Kg7 43. Rc3 Kh6 44. Rd3 Ra4 45. Re3 Ra5 46. Rb3 Ra4 47.
Rb7 Kg7 48. Rb3 Kh6 1/2-1/2

[Event "*** Titled Tuesday Blitz"]
[Site "Chess.com"]
[Date "2020.05.12"]
[Round "3"]
[White "emiliocordova"]
[Black "bugsbunny444"]
[Result "1-0"]
[WhiteElo "2862"]
[BlackElo "2450"]
[TimeControl "180+1"]
[EndTime "10:28:25 PDT"]
[Termination "emiliocordova won on time"]

1. d4 e6 2. Nf3 c5 3. c4 cxd4 4. Nxd4 Nf6 5. Nc3 d5 6. cxd5 Nxd5 7. Bd2 Bc5 8. Nb3 Be7 9. g3 b6 10. Bg2 Bb7 11. Qc1 O-O 12. h4 Na6 13. h5 Rc8 14. h6 g6 15. O-O Nxc3 16. Bxc3 Bxg2 17. Kxg2 Qd5+ 18. f3 Bg5 19. Qe1 Bxh6 20. Rd1 Qc4 21. Rd4 Qc6 22. Rh4 Bg7 23. Nd4 Qd5 24. Rfh1 h6 25.
Rxh6 e5 26. Nc2 Bxh6 27. Rxh6 Kg7 28. Ne3 Qe6 29. Ng4 f6 30. Qb1 Qf7 31. Nxe5 fxe5 32. Bxe5+ Kxh6 33. Qh1+ Kg5 34. Qh3 Rce8 35. f4+ Qxf4 36.
gxf4+ 1-0

[Event "*** Titled Tuesday Blitz"]
[Site "Chess.com"]
[Date "2020.05.12"]
[Round "3"]
[White "oneshot007"]
[Black "albi1999"]
[Result "0-1"]
[WhiteElo "2376"]
[BlackElo "2571"]
[TimeControl "180+1"]
[EndTime "10:28:25 PDT"]
[Termination "albi1999 won on time"]

1. e4 c5 2. Nf3 Nc6 3. d4 cxd4 4.
Nxd4 Nf6 5. Nc3 d6 6. Bc4 e6 7.
Be3 a6 8. Bb3 Na5 9. f4 Qc7 10.
Qf3 b5 11. g4 Bb7 12. g5 Nxb3 13.
axb3 Nd7 14. O-O Be7 15. f5 Ne5 16. Qh3 exf5 17. Nxf5 O-O 18. Rac1 b4 19. Nd5 Bxd5 20. exd5 Rfe8 21. Qg2 Bf8 22. Bd4 Ng6 23. h4 Ne7 24.
Qf3 Nxf5 25. Qxf5 Rad8 26. h5 Qd7 27. Qf3 Re7 28. c4 bxc3 29. bxc3 Rde8 30. Rf2 Re4 31. Rg2 Rh4 32. Rf1 Rh3 33. Qd1 Qe7 34. g6 fxg6 35. hxg6 hxg6 36. Rxg6 Qe4 37. Rg2 Qh4 0-1

[Event "*** Titled Tuesday Blitz"]
[Site "Chess.com"]
[Date "2020.05.12"]
[Round "3"]
[White "WastefulJustice"]
[Black "googlegoom"]
[Result "1-0"]
[WhiteElo "2386"]
[BlackElo "2551"]
[TimeControl "180+1"]
[EndTime "10:28:25 PDT"]
[Termination "WastefulJustice won by resignation"]

1. e4 c5 2. Nc3 Nc6 3. f4 g6 4. Nf3 Bg7 5. Bb5 Nd4 6. O-O e6 7. e5 Ne7 8. Nxd4 cxd4 9. Ne4 O-O 10. Qe1 Nd5 11. Qf2 f6 12. exf6 Nxf6 13. d3 Nd5 14. Bc4 Ne3 15. Bxe3 dxe3 16. Qxe3 d5 17. Rad1 dxc4 18.
dxc4 Qb6 19. c5 Qxb2 20. Nd6 Qxa2 21. Rd3 a5 22. c4 a4 23. Nxc8 Raxc8 24. Qxe6+ Kh8 25.
Rh3 Rxc5 26. Qxg6 h6 27. f5 Qb2 28. f6 Rxf6 29. Rxf6 Qxf6 30. Rxh6+ Kg8 31. Qh7+ Kf8 32. Rxf6+ Bxf6 33. Qxb7 Bd4+ 34. Kf1 Rf5+ 35. Ke2 Rf7 36. Qa8+ Kg7 37. Qxa4 Bf6 38. c5 Re7+ 39. Kd3 Rd7+ 40. Qxd7+ 1-0

[Event "*** Titled Tuesday Blitz"]
[Site "Chess.com"]
[Date "2020.05.12"]
[Round "3"]
[White "KarstenHansch"]
[Black "AliKa2810"]
[Result "1-0"]
[WhiteElo "2373"]
[BlackElo "2537"]
[TimeControl "180+1"]
[EndTime "10:28:25 PDT"]
[Termination "KarstenHansch won by resignation"]

1. e4 e5 2. Nf3 Nc6 3. Bb5 Nf6 4. O-O Nxe4 5. Re1 Nd6 6. Nxe5 Nxe5 7. Rxe5+ Be7 8.
Bf1 O-O 9. d4 Bf6 10. Re1 Re8 11. c3 Rxe1 12. Qxe1 b6 13. Bf4 Bb7 14. Bxd6 cxd6 15.
Nd2 Qc7 16. Bd3 g6 17. Qe3 Rf8 18. Re1 Bc6 19. Qg3 b5 20. a3 a5 21. d5 Bxd5 22. Bxb5 Rb8 23. a4 Bc6 24. Ne4 Be5 25. f4 Bg7 26. f5 Bxb5 27. axb5 Be5 28. Qh4 Qb6+ 29. Kh1 Qxb5 30. f6 h5 31. Qg5 Kh7 32. Qe3 Qxb2 33.
Ng5+ Kg8 34. Ne4 Qc2 35. Qh6 1-0

[Event "*** Titled Tuesday Blitz"]
[Site "Chess.com"]
[Date "2020.05.12"]
[Round "3"]
[White "tamarozi99"]
[Black "babyking1205"]
[Result "0-1"]
[WhiteElo "1968"]
[BlackElo "2464"]
[TimeControl "180+1"]
[EndTime "10:28:25 PDT"]
[Termination "babyking1205 won by resignation"]

1. e4 c5 2. Nf3 d6 3. d4 cxd4 4. Nxd4 Nf6 5. Nc3 a6 6. Be2 e5 7. Nb3 Be7 8. O-O Be6 9. a4 Nbd7 10. Be3 Rc8 11. f4 Nb6 12. f5 Bc4 13. a5 Bxe2 14.
Qxe2 Nc4 15. Bc1 O-O 16. Ra4 b5 17. axb6 Qxb6+ 18. Kh1 Qc6 19. Na5 Nxa5 20. Rxa5 Ra8 21. Bg5 Rfb8 22. Bxf6 Bxf6 23. Nd5 Bd8 24. Ra2 a5 25. c3 Rb5 26. Qg4 Qc4 27. Raa1 Rxb2 28. f6 g6 29. Qh4 h5 30. Qg5 Qxe4 31. Ne3 Kh7 32. Rae1 Bb6 33. Nf5 Qxg2+ 34. Qxg2 Rxg2 35. Kxg2 gxf5 36. Rxf5 a4 37. Rg5 a3 38. Re4 Kh6 39.
Rf5 a2 40. Rh4 Be3 41. Rhxh5+ Kg6 42. h4 a1=Q 43. Rhg5+ Bxg5 44. Rxg5+ Kxf6 45. Rg3 Ra2+ 0-1

[Event "*** Titled Tuesday Blitz"]
[Site "Chess.com"]
[Date "2020.05.12"]
[Round "3"]
[White "tufferguy"]
[Black "VladimirBugayev"]
[Result "1-0"]
[WhiteElo "2364"]
[BlackElo "2153"]
[TimeControl "180+1"]
[EndTime "10:28:25 PDT"]
[Termination "tufferguy won on time"]

1. e4 c6 2. Nc3 d5 3. Nf3 Nf6 4. e5 Ne4 5. Ne2 Qb6 6. d4 Bg4 7. c3 e6 8. Nfg1 Bxe2 9. Bxe2 f6 10. f3 Ng5 11. h4 Nf7 12. f4 Nd7 13. f5 c5 14.
fxe6 Qxe6 15. Bg4 f5 16. Bh3 cxd4 17. cxd4 Be7 18. Nf3 Nf6 19. Qa4+ Kf8 20. O-O Ne4 21. Ng5 Nfxg5 22. Bxf5 Qb6 23. Bxe4+ Nf7 24. Bxd5 Bf6 25.
exf6 gxf6 26. Bd2 Rd8 27. Bb4+ Kg7 28. Qb3 Rxd5 29. Qxd5 Qxb4 30. Rae1 Rd8 31. Qf3 Qxd4+ 32. Qe3 Qxh4 33. Qf2 Qg5 34. Re7 Rd2 35. Re2 Rd4 36. Re3 1-0

[Event "*** Titled Tuesday Blitz"]
[Site "Chess.com"]
[Date "2020.05.12"]
[Round "3"]
[White "Xtrmntr78"]
[Black "GjakanTati"]
[Result "0-1"]
[WhiteElo "2402"]
[BlackElo "2636"]
[TimeControl "180+1"]
[EndTime "10:28:26 PDT"]
[Termination "GjakanTati won on time"]

1. c4 e6 2. Nf3 d5 3. g3 Nf6 4.
Bg2 dxc4 5. Qa4+ c6 6. Qxc4 b5 7. Qc2 Bb7 8. d4 Nbd7 9. a4 b4 10. a5 Rc8 11. O-O c5 12. Qd1 cxd4 13. Qxd4 Bc5 14.
Qf4 O-O 15. Nbd2 Qe7 16. Nb3 Bd6 17. Qh4 h6 18. Rd1 Nc5 19. Qxb4 Bd5 20. Nxc5 Bxc5 21. Qe1 Ne4 22. Nd4 e5 23. Nf5 Qe6 24. Ne3 Ba8 25.
Ra4 f5 26. Bxe4 Bxe4 27. b4 Bd4 28. b5 f4 29. Raxd4 exd4 30. Nf1 fxg3 31. Nxg3 Ba8 32. Rxd4 Qe5 33. Bb2 Qxb5 34. Rb4 Qc6 35. f3 Qc5+ 36. Bd4 Qe7 37. Qa1 Rf7 38. Kf2 Qxb4 0-1

[Event "*** Titled Tuesday Blitz"]
[Site "Chess.com"]
[Date "2020.05.12"]
[Round "3"]
[White "Matveev_Vladimir"]
[Black "Sjakkerntobi"]
[Result "0-1"]
[WhiteElo "2550"]
[BlackElo "2289"]
[TimeControl "180+1"]
[EndTime "10:28:26 PDT"]
[Termination "Sjakkerntobi won by resignation"]

1. d4 d5 2. c4 e6 3. Nf3 Nf6 4. g3 Be7 5. Bg2 O-O 6. O-O dxc4 7. Qc2 a6 8. a4 Nc6 9. Qxc4 Rb8 10. Nc3 Nd5 11. e4 Nxc3 12. bxc3 Na5 13. Qa2 c5 14. Bf4 Bd6 15. Bxd6 Qxd6 16. e5 Qc7 17. Rac1 Bd7 18. Ng5 h6 19. Ne4 Bc6 20. Nxc5 Rfc8 21. Bxc6 Qxc6 22. Rfe1 Ra8 23. f4 b6 24. Ne4 Nc4 25. Re2 Rab8 26. Rf1 b5 27. f5 b4 28. cxb4 Rxb4 29. f6 g6 30. Nc5 Rcb8 31. Rc1 Qd5 32.
Re4 Rb2 33. Qxc4 Rb1 34. Qc2 R8b2 35. Rxb1 Rxc2 36. Rb8+ Kh7 37. Rb7 Rxc5 38. Rxf7+ Kg8 39. Rg7+ Kf8 0-1

[Event "*** Titled Tuesday Blitz"]
[Site "Chess.com"]
[Date "2020.05.12"]
[Round "3"]
[White "Kensei26"]
[Black "NormWeinstein"]
[Result "1-0"]
[WhiteElo "2218"]
[BlackElo "2428"]
[TimeControl "180+1"]
[EndTime "10:28:26 PDT"]
[Termination "Kensei26 won on time"]

1. e4 c6 2. d4 d6 3. Nc3 Nf6 4. f4 Qa5 5. Bd3 e5 6. Nf3 Bg4 7. Be3 Nbd7 8. O-O Be7 9. h3 Bxf3 10. Qxf3 O-O 11. Ne2 c5 12. d5 exf4 13. Bxf4 b5 14. Ng3 Ne8 15. Nf5 Qd8 16. Qg3 c4 17. Be2 Ne5 18.
Bxe5 dxe5 19. Nh6+ Kh8 20. Nxf7+ Rxf7 21. Rxf7 Bf6 22.
Bg4 Nd6 23. Rd7 Qb6+ 24. Kh1 Nxe4 25. Qf3 Nf2+ 26. Kh2 e4 27. Qf5 e3 28. Re1 Rf8 29. Qe6 Bd4 30. Rf7 Qb8+ 31. d6 Rg8 32. Qe7 Bc5 33.
Qb7 Qxd6+ 34. g3 h6 35. Qd7 Qe5 36. Rf5 Qxb2 37. Qe6 Qxc2 38. Rh5 1-0

[Event "*** Titled Tuesday Blitz"]
[Site "Chess.com"]
[Date "2020.05.12"]
[Round "3"]
[White "fish7728"]
[Black "annamaja"]
[Result "0-1"]
[WhiteElo "2039"]
[BlackElo "2313"]
[TimeControl "180+1"]
[EndTime "10:28:26 PDT"]
[Termination "annamaja won on time"]

1. d4 Nf6 2. c4 e6 3. Nc3 Bb4 4.
f3 O-O 5. a3 Bxc3+ 6. bxc3 d5 7. e3 c6 8. Bd3 Nbd7 9. Ne2 dxc4 10. Bxc4 b5 11. Bd3 Bb7 12. O-O a6 13. e4 c5 14.
Bg5 h6 15. Bh4 cxd4 16. cxd4 e5 17. d5 Nc5 18. Kh1 Qd6 19. Qd2 Nb3 20. Qe3 Nxa1 21. Rxa1 Rac8 22. Ng3 Qc5 23. Qe1 Qc3 24. Qf1 Nd7 25.
Be7 Rfe8 26. d6 Nc5 27. Be2 g6 28. Rc1 Qa5 29. Rd1 Bc6 30. f4 Bd7 31. fxe5 Be6 32. Qf2 Nd7 33. Qe3 Kh7 34. Bf6 Qc3 0-1